Cogmind - Beta 15 @@@ ROGUE MODE // 2025.09.04 @ 16:33:01 Player: winnking222 Result: Self-destructed Performance ------------- Evolutions (4) 2000 Regions Visited (12) 2400 Robots Destroyed (130) 650 Value Destroyed (4635) 4635 Prototype IDs (24) 480 Alien Tech Used (0) 0 Bonus (3094) 3094 TOTAL SCORE: 13259 Bonus ------- High Alert Combat Kills 559 Follower Combat Kills 1084 Entered Garrisons 600 Used RIF Installer 500 Entered DSFs 500 Friendly Fire -149 Cogmind --------- Core Integrity 507/850 Matter 202/300 Energy 100/100 System Corruption 0% Temperature Cool (0) Movement Core (50) Location -6/Garrison Parts ------- > --- POWER (1) -------- (None) > --- PROPULSION (4) --- (None) > --- UTILITY (8) ------ Relay Coupler [NC] (24) Relay Coupler [Swarmer] (9) Relay Coupler [Grunt] (22) > --- WEAPON (2) ------- (None) > --- INVENTORY (5) ---- Layered Light Armor Plating Relay Coupler [Swarmer] (29) Relay Coupler [Grunt] (28) Power Bank Improved Plasma Cutter Peak State ------------ > --- POWER ------------ (None) > --- PROPULSION ------- Gravmag Array Combat Gravmag System > --- UTILITY ---------- Medium Storage Unit Hardened Medium Armor Plating Relay Coupler [NC] Relay Coupler [Swarmer] Relay Coupler [Grunt] Relay Coupler [Hunter] Mini Drone Bay > --- WEAPON ----------- Bore Cannon Enhanced Gauss Cannon > --- INVENTORY -------- Backup Propulsion III Hardened Medium Armor Plating Hardened Medium Armor Plating Relay Coupler [Swarmer] Relay Coupler [Grunt] Relay Coupler [Grunt] Power Bank Improved Plasma Cutter Fire Trap [Rating: 52] Favorites ----------- Power Nuclear Core Engine Ion Engine Power Core Nuclear Core Propulsion Light Treads Treads Light Treads Leg Aluminum Leg Wheel Wheel Hover Unit Backup Propulsion III Flight Unit Cooled VTOL Module Utility Large Storage Unit Device Improved Heat Sink Storage Large Storage Unit Processor Improved Targeting Computer Hackware Hacking Suite Protection Light Armor Plating Weapon Autogun Energy Gun Heavy EM Pulse Gun Energy Cannon Subdweller Beam Cannon Ballistic Gun Autogun Ballistic Cannon Magnetic Acceleration Cannon Launcher Shock Bomb Launcher Special Weapon Remote Datajack Special Melee Weapon Dirty Datajack Build | -11 -10 -10 -8 -8 -8 -7 -7 -7 -7 -7 -6 -6 ------- Run | Yrd Mat Sub Mat Sto Gar Fac Was Fac DSF Gar Fac Gar Slots Evolved 8 | . . . 4 . . 2 . . . . 2 . Power . | . . . . . . . . . . . . . Propulsion 2 | . . . . . . 1 . . . . 1 . Utility 6 | . . . 4 . . 1 . . . . 1 . Weapon . | . . . . . . . . . . . . . Parts Attached 115 | 7 12 17 35 10 17 1 5 . 1 7 3 . Power 13 | 1 1 3 5 . 3 . . . . . . . Engine 10 | 1 1 2 4 . 2 . . . . . . . Core 3 | . . 1 1 . 1 . . . . . . . Reactor . | . . . . . . . . . . . . . Propulsion 28 | 2 4 3 10 5 1 1 1 . . 1 . . Treads 16 | . 3 3 5 4 1 . . . . . . . Leg 2 | 2 . . . . . . . . . . . . Wheel 3 | . 1 . 1 . . 1 . . . . . . Hover 4 | . . . 1 1 . . 1 . . 1 . . Flight 3 | . . . 3 . . . . . . . . . Utility 37 | 2 3 4 11 1 7 . 3 . 1 2 3 . Device 10 | 1 . 1 3 . 1 . 1 . . 1 2 . Storage 4 | 1 1 . 1 . . . . . 1 . . . Processor 2 | . . . 2 . . . . . . . . . Hackware 10 | . . 1 1 1 5 . 1 . . 1 . . Protection 11 | . 2 2 4 . 1 . 1 . . . 1 . Artifact . | . . . . . . . . . . . . . Weapon 37 | 2 4 7 9 4 6 . 1 . . 4 . . Energy Gun 7 | . 2 2 1 2 . . . . . . . . Energy Cannon 2 | . . 1 . . . . . . . 1 . . Ballistic Gun 21 | 2 2 4 8 1 3 . . . . 1 . . Ballistic Cannon 3 | . . . . . . . 1 . . 2 . . Launcher 1 | . . . . . 1 . . . . . . . Special Weapon 2 | . . . . 1 1 . . . . . . . Impact Weapon . | . . . . . . . . . . . . . Slashing Weapon . | . . . . . . . . . . . . . Piercing Weapon . | . . . . . . . . . . . . . Special Melee Weapon 1 | . . . . . 1 . . . . . . . Unidentified Prototypes 9 | . . . 6 3 . . . . . . . . Parts Lost 38 | . 4 8 4 2 9 . 1 . . 8 2 . Power 5 | . . 2 1 . 1 . . . . 1 . . Propulsion 10 | . 1 2 2 . 2 . 1 . . 2 . . Utility 16 | . 2 3 1 1 4 . . . . 3 2 . Weapon 7 | . 1 1 . 1 2 . . . . 2 . . Highest Loss Streak 8 | . 1 3 3 1 8 . 1 . . 6 2 . To Critical Strikes . | . . . . . . . . . . . . . Average Backups 12 | 4 9 13 13 13 14 14 5 5 5 6 4 5 Power . | . . . 1 . . . . . . . . . Propulsion 3 | 2 3 5 2 4 3 . . . . . . . Utility 2 | . 1 1 2 4 6 7 2 3 3 5 3 4 Weapon 4 | . 4 5 5 3 2 4 1 1 1 . . . Tool/Special . | . . . . . . . . . . . . . Unused Backups 34 | . 3 5 8 1 3 . 7 . . 2 1 4 Power 3 | . 1 . 2 . . . . . . . . . Propulsion 2 | . . 1 . 1 . . . . . . . . Utility 16 | . 1 . 2 . 2 . 5 . . 2 1 3 Weapon 12 | . 1 4 4 . 1 . 2 . . . . . Tool/Special 1 | . . . . . . . . . . . . 1 Average Slot Usage (%) 90 | . 99 97 87 94 87 92 84 92 86 81 25 20 Engine 5 | . 14 7 4 . 6 . . . . . . . Core 4 | . . 6 3 9 1 7 7 7 7 5 . . Treads 18 | . 17 27 17 18 17 15 3 . . . . . Hover 1 | . . . . . . . 8 15 15 14 . . Device 4 | . 6 . 4 9 7 . 6 7 2 1 5 . Storage 10 | . 14 13 8 9 9 7 . . 4 6 . . Processor 4 | . . . 10 9 4 . . . . . . . Hackware 9 | . . . 3 13 18 38 38 38 38 32 20 20 Protection 9 | . 7 11 15 9 4 . 3 7 7 6 . . Energy Gun 1 | . 2 4 . . . . . . . . . . Ballistic Gun 16 | . 24 20 17 17 13 15 4 . . . . . Special Weapon 1 | . . . . . 3 . 6 7 7 8 . . Peak Build Rating 52 | 7 11 17 33 37 35 37 49 49 49 52 19 9 Average Rating 23 | 4 9 12 26 34 31 37 41 49 42 40 13 9 On Entrance 25 | . 7 11 15 32 35 35 37 49 49 40 9 9 Naked Turns . | . . . . . . . . . . . . . Heaviest Build 53 | 15 34 37 52 49 53 32 32 25 26 38 2 . Greatest Support 46 | 20 40 40 46 46 40 12 28 28 28 34 3 3 Greatest Overweight (x) 4 | 2 3 . 2 1 1 2 4 . . 2 . . Average Overweight (x) . | . 1 . . 1 . 2 . . . . . . Largest Inventory Capacity 15 | 8 15 15 15 15 15 15 15 5 10 10 5 5 Average Capacity 13 | 7 12 14 14 15 15 15 5 5 8 9 5 5 Most Carried 15 | 6 15 15 15 15 15 14 14 5 7 10 5 5 Average Carried 12 | 4 9 14 13 14 14 14 5 5 5 8 4 5 Final Capacity 15 | 8 15 15 15 15 15 15 5 5 10 5 5 5 Final Carried 15 | 5 13 15 15 15 15 14 5 5 7 5 5 5 Class Distribution -------------------- 72% | Mutant 14% | Bothacker-Mutant 7% | Hacker-Mutant 5% | Commander-Mutant Dominant Class ---------------- Mutant | -10/Materials Mutant | -10/Subcaves Mutant | -8/Materials Commander-Mutant | -8/Storage Bothacker-Mutant | -8/Garrison Bothacker-Mutant | -7/Factory Bothacker-Mutant | -7/Waste Bothacker-Mutant | -7/Factory Bothacker-Mutant | -7/DSF Bothacker-Mutant | -7/Garrison Mutant | -6/Factory Mutant | -6/Garrison Resources | -11 -10 -10 -8 -8 -8 -7 -7 -7 -7 -7 -6 -6 ----------- Run | Yrd Mat Sub Mat Sto Gar Fac Was Fac DSF Gar Fac Gar Matter Collected 4566 | 312 435 584 1080 913 552 . 355 . 33 302 . . Remotely . | . . . . . . . . . . . . . Salvage Created 4949 | 129 704 642 1135 1463 656 . 18 . 26 176 . . Parts 280 | 9 43 31 69 59 53 . 4 . 1 11 . . Haulers Intercepted 5 | . . . 3 2 . . . . . . . . Recyclers Shooed 1 | . . . 1 . . . . . . . . . Parts Field Recycled . | . . . . . . . . . . . . . Retrieved Matter . | . . . . . . . . . . . . . Parts Self-Destructed 8 | . . 8 . . . . . . . . . . Prevented 1 | . . 1 . . . . . . . . . . Kills | -11 -10 -10 -8 -8 -8 -7 -7 -7 -7 -7 -6 -6 ------- Run | Yrd Mat Sub Mat Sto Gar Fac Was Fac DSF Gar Fac Gar Combat Hostiles Destroyed 104 | . 13 16 21 24 23 . . . 1 6 . . Guns 84 | . 11 9 21 24 19 . . . . . . . Cannons 14 | . . 7 . . . . . . 1 6 . . AOE 6 | . 2 . . . 4 . . . . . . . Classes Destroyed 16 | 2 4 1 5 1 2 . . . 1 . . . Worker 4 | . 1 . 2 1 . . . . . . . . Tunneler 3 | 2 . . 1 . . . . . . . . . Hauler 5 | . . . 3 2 . . . . . . . . Recycler 4 | 1 1 . 1 1 . . . . . . . . Operator 1 | . . . 1 . . . . . . . . . Watcher 8 | . 3 . 3 2 . . . . . . . . Swarmer 27 | . . 3 8 . 12 . . . . 4 . . Cutter 3 | . . . . . 3 . . . . . . . Grunt 36 | . 10 1 3 19 3 . . . . . . . Duelist 1 | . . . 1 . . . . . . . . . Sentry 16 | . . . 7 4 3 . . . . 2 . . Demolisher 1 | . . . . 1 . . . . . . . . Hunter 3 | . . . 2 . 1 . . . . . . . Programmer 1 | . . . . . 1 . . . . . . . Heavy 1 | . . . . . . . . . 1 . . . Subdweller 15 | . 3 12 . . . . . . . . . . Wasp 1 | . . . . . . . 1 . . . . . Best Kill Streak 7 | 2 6 3 5 7 7 . . . 1 4 . . Combat Bots Only 7 | . 3 3 5 6 7 . . . 1 4 . . Max Kills in Single Turn 2 | 1 2 1 1 2 1 . 1 . 1 2 . . Gunslinging . | . . . . . . . . . . . . . Exploded 2 | . 2 . . . 1 . . . . . . . Melee . | . . . . . . . . . . . . . Uniques/NPCs Destroyed . | . . . . . . . . . . . . . Combat | -11 -10 -10 -8 -8 -8 -7 -7 -7 -7 -7 -6 -6 -------- Run | Yrd Mat Sub Mat Sto Gar Fac Was Fac DSF Gar Fac Gar Hostile Shots Fired 918 | . 57 88 167 123 157 . 1 . . 260 57 8 Missed 309 | . 18 23 52 29 44 . . . . 115 23 5 Hits 609 | . 39 65 115 94 113 . 1 . . 145 34 3 Melee 11 | . . . 1 . 9 . 1 . . . . . Projectile 598 | . 39 65 114 94 104 . . . . 145 34 3 AOE 4 | . . . . 2 2 . . . . . . . Critical Strikes 19 | . 2 1 1 9 6 . . . . . . . Damage Taken 8232 | . 607 1250 1297 1463 1660 . 42 . . 1486 382 45 Core 1404 | . 44 172 115 197 115 . . . . 418 298 45 Absorbed by Shields 26 | . . . . . . . . . . 26 . . Ignored by Resistances 12 | . . . 12 . . . . . . . . . Regen/Repaired (Parts) 105 | . . . . . . . 99 . . 6 . . Core Remaining (%) 43 | 100 . 13 . . 22 . . . . 40 . . Volleys Fired 506 | 7 46 94 103 92 95 . 25 . 4 40 . . Largest 2 | 2 2 2 2 2 2 . 1 . 1 2 . . Hottest 140 | 40 90 140 60 50 51 . 44 . 44 95 . . Shots Fired 855 | 14 91 166 202 185 121 . 25 . 4 47 . . Gun 742 | 14 91 138 202 185 112 . . . . . . . Cannon 82 | . . 28 . . . . 16 . 3 35 . . Launcher 7 | . . . . . 7 . . . . . . . Special 24 | . . . . . 2 . 9 . 1 12 . . Kinetic 756 | 14 75 114 202 185 112 . 16 . 3 35 . . Thermal 44 | . . 43 . . . . . . . 1 . . Explosive . | . . . . . . . . . . . . . Electromagnetic 32 | . 16 9 . . 7 . . . . . . . Robot Hit Streak 20 | 4 10 20 16 19 15 . 8 . 2 6 . . Robot Miss Streak 7 | 1 5 3 5 3 7 . 2 . 3 3 . . Penetration Max 1 | . . . . . . . . . . 1 . . Secondary Targets 7 | . 3 . 2 . 2 . . . . . . . Max Gunslinging Chain 1 | . 1 . 1 . 1 . . . . . . . Shots Hit Robots 537 | 10 58 94 140 137 58 . 18 . 2 20 . . Core Hits 226 | 4 27 29 59 61 36 . 2 . 1 7 . . Critical Kills 6 | . . 1 2 1 . . . . . 2 . . Critical Parts Destroyed 6 | . . . . 2 1 . . . . 3 . . Critical Strikes 16 | . 2 2 2 3 1 . . . . 6 . . Destroy 14 | . . 2 2 3 1 . . . . 6 . . Corrupt 2 | . 2 . . . . . . . . . . . Melee Attacks 3 | . . . . . 3 . . . . . . . Impact . | . . . . . . . . . . . . . Slashing . | . . . . . . . . . . . . . Piercing 3 | . . . . . 3 . . . . . . . Sneak Attacks . | . . . . . . . . . . . . . Combat Hostiles . | . . . . . . . . . . . . . Follow-up Attacks . | . . . . . . . . . . . . . Damage Inflicted 9941 | 135 1002 1903 2234 2465 1312 . 386 . 35 469 . . Guns 7948 | 135 884 1331 2231 2436 931 . . . . . . . Cannons 1462 | . . 572 . . . . 386 . 35 469 . . Explosions 493 | . 118 . . . 375 . . . . . . . Melee 6 | . . . . . 6 . . . . . . . Ramming 32 | . . . 3 29 . . . . . . . . Kinetic 8373 | 135 679 1071 2231 2436 931 . 386 . 35 469 . . Thermal 902 | . 118 754 . . 30 . . . . . . . Explosive . | . . . . . . . . . . . . . Electromagnetic 628 | . 205 78 . . 345 . . . . . . . Impact . | . . . . . . . . . . . . . Slashing . | . . . . . . . . . . . . . Piercing 6 | . . . . . 6 . . . . . . . Highest Corruption 10 | . 2 2 . 3 10 . . . . . . . Average Corruption 2 | . 2 2 . 2 6 . . . . . . . Corruption Purged . | . . . . . . . . . . . . . Corruption Blocked . | . . . . . . . . . . . . . Effects 115 | . 17 44 . 27 27 . . . . . . . Message Errors 18 | . 5 7 . 5 1 . . . . . . . Matter Fused 30 | . 5 14 . 5 6 . . . . . . . Heat Flow Errors 8 | . 2 2 . 1 3 . . . . . . . Energy Discharges 12 | . . 8 . 1 3 . . . . . . . Parts Fused 2 | . . 1 . 1 . . . . . . . . Data Loss (minor) 20 | . 4 4 . 5 7 . . . . . . . Data Loss (major) 9 | . . 5 . 3 1 . . . . . . . Misfires 8 | . . 2 . 4 2 . . . . . . . Alerts 1 | . . 1 . . . . . . . . . . Weapon Failures 7 | . 1 . . 2 4 . . . . . . . Overload Shots . | . . . . . . . . . . . . . Overflow Damage 17 | . 6 . . . . . . . . 11 . . Projectiles 11 | . . . . . . . . . . 11 . . Explosions 6 | . 6 . . . . . . . . . . . Melee . | . . . . . . . . . . . . . Knockbacks 2 | . . . . . . . . . . 2 . . Impact . | . . . . . . . . . . . . . Kinetic 2 | . . . . . . . . . . 2 . . Secondary . | . . . . . . . . . . . . . Self-Inflicted Damage 117 | . 52 . . . 65 . . . . . . . Shots 6 | . 1 . . . 5 . . . . . . . Rammed 8 | . . . 2 6 . . . . . . . . Targets Rammed 9 | . . . 2 7 . . . . . . . . Kicked . | . . . . . . . . . . . . . Crushed 1 | . . . . 1 . . . . . . . . Highest Temperature 456 | . 275 231 456 280 267 . . . . 114 . . Average Temperature 77 | . 95 52 74 110 122 . . . . 33 . . Received Heat Transfer 1992 | . 318 246 189 828 180 . . . . 186 36 9 Effects 4 | . . . 1 3 . . . . . . . . Interference 3 | . . . . 3 . . . . . . . . Short Circuit 1 | . . . 1 . . . . . . . . . Siege Activations . | . . . . . . . . . . . . . Martial Activations . | . . . . . . . . . . . . . Shielding Activations . | . . . . . . . . . . . . . Robots Disrupted 1 | . . . . . 1 . . . . . . . Combat Hostiles 1 | . . . . . 1 . . . . . . . Robots Corrupted . | . . . . . . . . . . . . . Combat Hostiles . | . . . . . . . . . . . . . Parts Fried 5 | . 2 1 . . 2 . . . . . . . Impact Corruptions . | . . . . . . . . . . . . . Robots Melted . | . . . . . . . . . . . . . Combat Hostiles . | . . . . . . . . . . . . . Parts Melted . | . . . . . . . . . . . . . Heat Transferred 1152 | . 100 1002 . . 50 . . . . . . . Parts Sabotaged . | . . . . . . . . . . . . . Parts Stolen . | . . . . . . . . . . . . . Parts Stripped . | . . . . . . . . . . . . . Power Chain Reactions 3 | . 1 . . . 2 . . . . . . . Alert | -11 -10 -10 -8 -8 -8 -7 -7 -7 -7 -7 -6 -6 ------- Run | Yrd Mat Sub Mat Sto Gar Fac Was Fac DSF Gar Fac Gar Maximum Alert Level 4 | . . . . 3 4 2 1 . 1 2 . . Low Security (%) 67 | 100 100 . 100 28 . . 96 100 92 9 100 100 Level 1 8 | . . . . 11 . . 3 . 7 89 . . Level 2 13 | . . . . 41 36 100 . . . . . . Level 3 8 | . . . . 18 41 . . . . . . . Level 4 2 | . . . . . 21 . . . . . . . Level 5 . | . . . . . . . . . . . . . High Security . | . . . . . . . . . . . . . Max Security . | . . . . . . . . . . . . . Peak Influence 1214 | 10 115 . 188 773 1214 637 201 5 227 409 198 114 Initial 637 | . . . 23 61 491 637 201 . 3 155 198 114 Average 248 | 1 38 . 65 440 858 610 72 2 107 267 158 114 Influence Increases 4293 | 15 333 100 682 1583 813 . 29 5 264 394 75 . Destroy 0b10 Robot/C 2300 | . 200 80 420 820 460 . . . 100 220 . . Destroy 0b10 Robot/NC 145 | 15 25 . 55 30 . . . . 20 . . . Destroy Leader 456 | . 56 20 142 168 30 . . . 10 30 . . Allied During Kill 560 | . . . . 430 . . . . 117 13 . . Trap Triggered on 0b10 20 | . . . 10 . . . . . . 10 . . Successful Hack 94 | . 15 . 36 14 10 . . 5 . 14 . . Disable Machine 105 | . 15 . 15 75 . . . . . . . . Anti-Garrison Action 200 | . . . . . 150 . . . . 50 . . Destroy Structure 128 | . 7 . 4 16 28 . 29 . 17 27 . . Lose Combat Pursuer 285 | . 15 . . 30 135 . . . . 30 75 . Influence Decreases 4179 | 15 333 55 581 973 355 637 606 . 62 222 291 49 Entered New Map 1609 | . . . 22 85 265 577 376 . 2 52 181 49 Time Decay 1752 | 15 305 45 519 518 . 60 200 . . . 90 . Lost Part 288 | . 18 10 40 20 90 . 10 . . 80 20 . Lost Ally 380 | . 10 . . 200 . . 20 . 60 90 . . Purge Threat 150 | . . . . 150 . . . . . . . . Squads Dispatched 18 | . 2 . 3 11 . . . . 1 . 1 . Investigation 5 | . 1 . 2 2 . . . . . . . . Extermination 1 | . . . . . . . . . . . 1 . Reinforcement 4 | . 1 . . 2 . . . . 1 . . . Assault 2 | . . . . 2 . . . . . . . . Garrison 6 | . . . 1 5 . . . . . . . . Intercept . | . . . . . . . . . . . . . Searches Triggered . | . . . . . . . . . . . . . Construction Impeded 1 | . . . . 1 . . . . . . . . Haulers Reinforced . | . . . . . . . . . . . . . Active Scanning Responses . | . . . . . . . . . . . . . Cargo Convoy Interrupts . | . . . . . . . . . . . . . Stealth | -11 -10 -10 -8 -8 -8 -7 -7 -7 -7 -7 -6 -6 --------- Run | Yrd Mat Sub Mat Sto Gar Fac Was Fac DSF Gar Fac Gar Distress Signals 13 | . 2 . 5 2 4 . . . . . . . Communications Jammed . | . . . . . . . . . . . . . Distress Signals . | . . . . . . . . . . . . . Times Spotted 231 | . 22 19 50 52 33 . 6 . 7 22 6 14 Peak Tracking Total 15 | . 5 2 9 7 8 . 2 . 4 9 6 15 Tactical Retreats 13 | . 4 . . 2 4 . . . . 1 2 . Traps | -11 -10 -10 -8 -8 -8 -7 -7 -7 -7 -7 -6 -6 ------- Run | Yrd Mat Sub Mat Sto Gar Fac Was Fac DSF Gar Fac Gar Traps Triggered 14 | . 1 . . 2 2 1 . . 2 5 1 . Indirectly . | . . . . . . . . . . . . . Trap Hack Attempts . | . . . . . . . . . . . . . Triggered . | . . . . . . . . . . . . . Disarmed . | . . . . . . . . . . . . . Reprogrammed . | . . . . . . . . . . . . . Reused 2 | . . . 1 . . . . . . 1 . . Traps Extracted . | . . . . . . . . . . . . . Installed 2 | . . . 1 . . . . . . 1 . . Triggered 2 | . . . 1 . . . . . . 1 . . Most Traps Carried 2 | . . 1 1 . . . . . 2 2 . . Machines | -11 -10 -10 -8 -8 -8 -7 -7 -7 -7 -7 -6 -6 ---------- Run | Yrd Mat Sub Mat Sto Gar Fac Was Fac DSF Gar Fac Gar Machines Disabled 12 | . 1 1 1 5 2 . . . . 2 . . Max in Single Turn 1 | . 1 1 1 1 1 . . . . 1 . . Garrison Access 1 | . . . 1 . . . . . . . . . Garrison Relay 3 | . . . . . 2 . . . . 1 . . Machines Repaired . | . . . . . . . . . . . . . Machines Dismantled 3 | . . . . 2 . . . . . 1 . . Machines Sabotaged . | . . . . . . . . . . . . . Overloaded Fab Kills . | . . . . . . . . . . . . . Hacking | -11 -10 -10 -8 -8 -8 -7 -7 -7 -7 -7 -6 -6 --------- Run | Yrd Mat Sub Mat Sto Gar Fac Was Fac DSF Gar Fac Gar Machines Accessed 32 | . 6 2 9 7 1 . . 1 . 1 5 . Terminals 25 | . 6 . 8 6 1 . . 1 . 1 2 . Fabricators 2 | . . . . . . . . . . . 2 . Repair Stations . | . . . . . . . . . . . . . Recycling Units . | . . . . . . . . . . . . . Scanalyzers . | . . . . . . . . . . . . . Garrison Access 3 | . . . 1 1 . . . . . . 1 . Total Hacks 74 | . 18 4 20 19 3 . . 1 . 1 8 . Successful 50 | . 14 4 14 10 1 . . 1 . 1 5 . Failed 24 | . 4 . 6 9 2 . . . . . 3 . Catastrophic . | . . . . . . . . . . . . . Database Lockouts . | . . . . . . . . . . . . . Manual 41 | . 15 . 17 9 . . . . . . . . Terminals 64 | . 18 . 19 18 3 . . 1 . 1 4 . Fabricators 2 | . . . . . . . . . . . 2 . Repair Stations . | . . . . . . . . . . . . . Recycling Units . | . . . . . . . . . . . . . Scanalyzers . | . . . . . . . . . . . . . Garrison Access 4 | . . . 1 1 . . . . . . 2 . Terminal Hacks 21 | . 3 4 3 6 1 . . 1 . 1 2 . Record 3 | . . 3 . . . . . . . . . . Part Schematic 3 | . . . 1 2 . . . . . . . . Prototype ID Bank 2 | . 1 . . . . . . . . . 1 . Open Door 1 | . . . . 1 . . . . . . . . Open DSF 2 | . . . . . . . . 1 . . 1 . Branch Access Points 1 | . . . 1 . . . . . . . . . Emergency Access Points 1 | . . . . . . . . . . 1 . . Unreport Threat 1 | . . . . 1 . . . . . . . . Locate Traps 1 | . 1 . . . . . . . . . . . Hauler Manifests 2 | . 1 . . 1 . . . . . . . . Registered Prototypes 1 | . . . . 1 . . . . . . . . Zone Layout 1 | . . . 1 . . . . . . . . . Garrison Registry 1 | . . . . . 1 . . . . . . . Proto ID Catalog 1 | . . 1 . . . . . . . . . . Fabricator Hacks 1 | . . . . . . . . . . . 1 . Network Status 1 | . . . . . . . . . . . 1 . Repair Station Hacks . | . . . . . . . . . . . . . Recycling Unit Hacks . | . . . . . . . . . . . . . Scanalyzer . | . . . . . . . . . . . . . Garrison Access Hacks 4 | . . . 1 1 . . . . . . 2 . Unlock Access 2 | . . . . 1 . . . . . . 1 . Seal Access 1 | . . . 1 . . . . . . . . . Coupler Status 1 | . . . . . . . . . . . 1 . Unauthorized Hacks 24 | . 11 . 10 3 . . . . . . . . Terminals 24 | . 11 . 10 3 . . . . . . . . Assimilate 1 | . 1 . . . . . . . . . . . Botnet 11 | . 4 . 4 3 . . . . . . . . Skim 12 | . 6 . 6 . . . . . . . . . Fabricators . | . . . . . . . . . . . . . Repair Stations . | . . . . . . . . . . . . . Recycling Units . | . . . . . . . . . . . . . Scanalyzers . | . . . . . . . . . . . . . Garrison Access . | . . . . . . . . . . . . . Data Cores Recovered 1 | . . . 1 . . . . . . . . . Used . | . . . . . . . . . . . . . Hacking Detections 20 | . 4 . 7 5 1 . . . . . 3 . Full Trace Events 7 | . 1 . 2 3 1 . . . . . . . Feedback Events 1 | . . . . 1 . . . . . . . . Corruption 1 | . . . . 1 . . . . . . . . Feedback Blocked . | . . . . . . . . . . . . . Robot Schematics Acquired . | . . . . . . . . . . . . . Robots Built . | . . . . . . . . . . . . . Authchips . | . . . . . . . . . . . . . Time . | . . . . . . . . . . . . . Total Robot Build Rating . | . . . . . . . . . . . . . Part Schematics Acquired 3 | . . . 1 2 . . . . . . . . Parts Built . | . . . . . . . . . . . . . Authchips . | . . . . . . . . . . . . . Time . | . . . . . . . . . . . . . Total Part Build Rating . | . . . . . . . . . . . . . Parts Repaired . | . . . . . . . . . . . . . Time . | . . . . . . . . . . . . . Parts Recycled . | . . . . . . . . . . . . . Recycled Matter . | . . . . . . . . . . . . . Retrieved Matter . | . . . . . . . . . . . . . Retrieved Components . | . . . . . . . . . . . . . Parts Scanalyzed . | . . . . . . . . . . . . . Part Schematics Acquired . | . . . . . . . . . . . . . Parts Damaged . | . . . . . . . . . . . . . Bothacking | -11 -10 -10 -8 -8 -8 -7 -7 -7 -7 -7 -6 -6 ------------ Run | Yrd Mat Sub Mat Sto Gar Fac Was Fac DSF Gar Fac Gar Used RIF Installer 1 | . . . . . 1 . . . . . . . Robots Hacked 14 | . . . . . 1 . 6 . 1 6 . . Non-combat . | . . . . . . . . . . . . . Combat 14 | . . . . . 1 . 6 . 1 6 . . Robot Hacks Applied 14 | . . . . . 1 . 6 . 1 6 . . ignore_targets 6 | . . . . . . . 6 . . . . . emergency_deploy 1 | . . . . . 1 . . . . . . . find_shortcuts 1 | . . . . . . . . . . 1 . . amplify_resonance 1 | . . . . . . . . . 1 . . . overwrite_iff 1 | . . . . . . . . . . 1 . . streamctrl_high 1 | . . . . . . . . . . 1 . . formatsys_high 3 | . . . . . . . . . . 3 . . Relay Couplers Released 19 | . . . . . 14 . . . . 5 . . Machine Destruction 15 | . . . . . 10 . . . . 5 . . Programmers 4 | . . . . . 4 . . . . . . . Attached 7 | . . . . . 5 . 1 . . 1 . . Fabnet Peak Effective % . | . . . . . . . . . . . . . Robots Rewired . | . . . . . . . . . . . . . Allies Hacked . | . . . . . . . . . . . . . Hacks Repelled . | . . . . . . . . . . . . . Allies | -11 -10 -10 -8 -8 -8 -7 -7 -7 -7 -7 -6 -6 -------- Run | Yrd Mat Sub Mat Sto Gar Fac Was Fac DSF Gar Fac Gar Total Allies 35 | . 1 . . 10 . . 19 . . 5 . . Largest Group 18 | . 1 . . 10 . . 18 13 13 3 . . Highest-Rated Group 434 | . 10 . . 173 . . 434 364 364 91 . . Highest-Rated Ally 35 | . 10 . . 29 . . 35 35 35 32 . . Total Orders . | . . . . . . . . . . . . . Ally Attacks 387 | . . . . 124 . . 195 . 46 22 . . Total Damage 7754 | . . . . 1806 . . 4352 . 1043 553 . . Kills 36 | . . . . 17 . . 10 . 4 5 . . Allies Corrupted 1 | . . . . 1 . . . . . . . . Allies Melted . | . . . . . . . . . . . . . Intel | -11 -10 -10 -8 -8 -8 -7 -7 -7 -7 -7 -6 -6 ------- Run | Yrd Mat Sub Mat Sto Gar Fac Was Fac DSF Gar Fac Gar Active Infowar (turns) 771 | 9 482 . . . 253 . . . . . 27 . Sensors 280 | . . . . . 253 . . . . . 27 . Seismic 491 | 9 482 . . . . . . . . . . . Robot Analysis Total . | . . . . . . . . . . . . . Derelict Logs Recovered 2 | . . 2 . . . . . . . . . . Drone Launches . | . . . . . . . . . . . . . Drone Recoveries . | . . . . . . . . . . . . . Exploration | -11 -10 -10 -8 -8 -8 -7 -7 -7 -7 -7 -6 -6 ------------- Run | Yrd Mat Sub Mat Sto Gar Fac Was Fac DSF Gar Fac Gar Turns Passed 10593 | 88 1108 3142 2511 1436 837 124 502 16 117 484 195 33 Spaces Moved 5101 | 46 544 1529 1047 404 284 103 326 13 114 317 310 64 Core 411 | 10 . . . . . . 6 . . 21 310 64 Treads 3490 | . 177 1529 1031 404 284 . 65 . . . . . Legs 146 | 36 110 . . . . . . . . . . . Wheels 382 | . 257 . 2 . . 103 20 . . . . . Hover 658 | . . . . . . . 235 13 114 296 . . Flight 14 | . . . 14 . . . . . . . . . Fastest Speed 32 | 50 95 160 32 240 170 120 66 66 66 50 50 50 Average Speed 152 | 110 137 160 189 249 206 120 100 66 66 74 50 50 Slowest Speed 320 | 150 240 160 320 250 250 120 250 66 66 220 50 50 Overloaded Moves . | . . . . . . . . . . . . . Propulsion Burnouts . | . . . . . . . . . . . . . Robots Hopped . | . . . . . . . . . . . . . Potential Cave-ins . | . . . . . . . . . . . . . Cave-ins Triggered 1 | . . . . . 1 . . . . . . . Exploration Rate (%) 48 | 3 91 88 82 66 39 4 96 1 90 43 14 17 Regions Visited 12 Branch Regions 2 Pre-discovered Areas 2 | . . 1 1 . . . . . . . . . Known Exits Taken 6 | . 1 1 1 1 . . . 1 . . 1 . Unknown Exits Taken 1 | 1 . . . . . . . . . . . . Scrap Searched 4 | . . 4 . . . . . . . . . . Spaces Dug 3 | . . 3 . . . . . . . . . . Terrain Destroyed 35 | . 7 6 4 . 10 . 2 . . 6 . . Melee . | . . . . . . . . . . . . . Projectile 18 | . . 6 4 . . . 2 . . 6 . . AOE 17 | . 7 . . . 10 . . . . . . . Terrain Rammed . | . . . . . . . . . . . . . Walls Destroyed . | . . . . . . . . . . . . . Machines Disabled . | . . . . . . . . . . . . . Actions | -11 -10 -10 -8 -8 -8 -7 -7 -7 -7 -7 -6 -6 --------- Run | Yrd Mat Sub Mat Sto Gar Fac Was Fac DSF Gar Fac Gar Total 7175 | 68 829 2070 1410 679 440 104 480 20 152 510 349 64 Wait 1054 | . 197 382 114 127 11 . 106 8 4 86 19 . Move 5090 | 45 543 1528 1046 404 282 103 325 12 113 315 310 64 Hop . | . . . . . . . . . . . . . Pick Up 156 | 9 19 31 53 10 16 . 8 . 2 8 . . Fast Attach 27 | 3 2 2 7 . 4 . 3 . 1 2 3 . Attach 68 | 4 6 8 24 8 9 1 2 . . 6 . . Detach 4 | . . . 1 . . . . . . 2 1 . Swap 49 | . 6 10 13 7 7 . 2 . . 4 . . Drop 111 | . 10 15 46 10 11 . 9 . 2 7 1 . Fire 506 | 7 46 94 103 92 95 . 25 . 4 40 . . Melee 3 | . . . . . 3 . . . . . . . Ram . | . . . . . . . . . . . . . Kick . | . . . . . . . . . . . . . Crush 9 | . . . 2 7 . . . . . . . . Escape Stasis 76 | . . . . 2 2 . . . 26 31 15 . Rewire 2 | . . . . . . . . . . 2 . . Trap 2 | . . . 1 . . . . . . 1 . . Miscellaneous 18 | . . . . 12 . . . . . 6 . . Route ------- -11/Scrapyard -10/Materials (discovered 5 exits: [*Mat x2] / [*Min x2] / *Sub) -10/Subcaves (discovered 4 exits: *Mat x2 / Rec / [*Scr]) -8/Materials (discovered 5 exits: *Fac x3 / *Sto x2) -8/Storage (discovered 2 exits: *Fac / Gar) -8/Garrison (discovered 3 exits: *Fac x3) -7/Factory -7/Waste -7/Factory -7/DSF -7/Garrison -6/Factory (discovered 2 exits: [*Fac] / Gar) -6/Garrison History --------- Turn | Location | Event 8 | -11/Scrapyard | Discovered new exit (range 16) 89 | -11/Scrapyard | Entered Materials 275 | -10/Materials | Discovered new exit (range 6) 312 | -10/Materials | Build established: Mutant 436 | -10/Materials | Discovered new exit (range 12) 439 | -10/Materials | Discovered new exit (range 15) 543 | -10/Materials | Discovered new exit (range 7) 805 | -10/Materials | Learned 2 Storage zone layouts 854 | -10/Materials | Learned 4 Subcaves zone layouts 894 | -10/Materials | Learned location of 1 exit from Storage 924 | -10/Materials | Learned 2 Storage zone layouts 946 | -10/Materials | Identified exit to Subcaves 979 | -10/Materials | Learned 4 Subcaves zone layouts 989 | -10/Materials | Derelicts attacked the area 1010 | -10/Materials | Learned 4 Recycling zone layouts 1197 | -10/Materials | Entered Subcaves 1198 | -10/Subcaves | Approached by a straggling Scientist 2009 | -10/Subcaves | Shifting Twisted Machinery released Battle Rifle 2211 | -10/Subcaves | Discovered new exit (range 9) 2354 | -10/Subcaves | Scientist uncovered a shortcut to Scraptown 2396 | -10/Subcaves | Identified exit to Materials 2752 | -10/Subcaves | A swath of the cavern ceiling suddenly collapsed 3074 | -10/Subcaves | Visited 4L-MR0's lab 3097 | -10/Subcaves | Found Power Bank 3456 | -10/Subcaves | Core integrity fell below 50% 3495 | -10/Subcaves | Lost 3 parts (1p1n1u) 3527 | -10/Subcaves | Core integrity fell below 20% 3653 | -10/Subcaves | Visited Clippyterm 3658 | -10/Subcaves | Identified exit to Recycling 3815 | -10/Subcaves | A swath of the cavern ceiling suddenly collapsed 4070 | -10/Subcaves | Shifting Twisted Machinery released Shrapnel Trap 4071 | -10/Subcaves | Shifting Twisted Machinery released Mak. Light Armor Plating 4339 | -10/Subcaves | Entered Materials 4339 | -8/Materials | Evolved 4 slots: Utility x4 4343 | -8/Materials | Discovered new exit (range 10) 4579 | -8/Materials | Lost 3 parts (1p2n) 4746 | -8/Materials | Discovered new exit (range 16) 5555 | -8/Materials | Discovered new exit (range 13) 5619 | -8/Materials | Discovered new exit (range 4) 5827 | -8/Materials | Identified exit to Storage 6043 | -8/Materials | Discovered new exit (range 13) 6335 | -8/Materials | Garrison activated, responded to threat 6509 | -8/Materials | Learned Storage stockpile data 6572 | -8/Materials | Learned 4 Factory zone layouts 6671 | -8/Materials | Learned location of Lower Caves (-6) 6704 | -8/Materials | Learned Storage machine intel 6746 | -8/Materials | Learned 4 Recycling zone layouts 6850 | -8/Materials | Entered Storage 6851 | -8/Storage | Identified exit to Factory 6854 | -8/Storage | Loaded intel: 42 machine locations 7077 | -8/Storage | Assisted by bots powering up and referring to "LRC-V3" 7391 | -8/Storage | Build established: Commander-Mutant 7494 | -8/Storage | Garrison activated, responded to threat 7646 | -8/Storage | Lost 3 allies 7650 | -8/Storage | First assault squad dispatched 7761 | -8/Storage | Lost 6 allies 7833 | -8/Storage | Core integrity fell below 50% 8002 | -8/Storage | Build established: Hacker-Mutant 8088 | -8/Storage | Garrison activated, responded to threat 8286 | -8/Storage | Identified exit to Garrison 8286 | -8/Storage | Entered Garrison 8318 | -8/Garrison | Triggered checkpoint 8391 | -8/Garrison | Discovered exit to Factory (range 70) 8391 | -8/Garrison | Discovered exit to Factory (range 66) 8391 | -8/Garrison | Discovered exit to Factory (range 31) 8467 | -8/Garrison | Garrison Relay disabled 8572 | -8/Garrison | Installed Relay Interface Framework 8736 | -8/Garrison | Crushed by falling debris 8748 | -8/Garrison | System corruption reached 10% 8785 | -8/Garrison | Lost 8 parts (1p1n4u2w) 8817 | -8/Garrison | Destroyed 7 combat bots 8912 | -8/Garrison | Triggered checkpoint 8969 | -8/Garrison | Garrison Relay disabled 9089 | -8/Garrison | Build established: Bothacker-Mutant 9123 | -8/Garrison | Entered Factory 9123 | -7/Factory | Evolved 2 slots: Propulsion x1, Utility x1 9247 | -7/Factory | Sucked down chute 9247 | -7/Factory | Entered Waste 9248 | -7/Waste | Met a frightened Derelict 9265 | -7/Waste | Spotted C-40 Crusher 9271 | -7/Waste | Crushed by Compactor (1 part destroyed, 2 dropped) 9308 | -7/Waste | Spotted C-40 Crusher 9310 | -7/Waste | Spotted C-40 Crusher 9314 | -7/Waste | Spotted C-40 Crusher 9319 | -7/Waste | Spotted C-40 Crusher 9341 | -7/Waste | Spotted C-40 Crusher 9412 | -7/Waste | Warlord forces began an assault 9579 | -7/Waste | Allies destroyed C-40 Crusher 9595 | -7/Waste | Allies destroyed C-40 Crusher 9602 | -7/Waste | Allies destroyed C-40 Crusher 9602 | -7/Waste | Allies destroyed C-40 Crusher 9623 | -7/Waste | Lost 4 allies 9686 | -7/Waste | Discovered new exit (range 10) 9749 | -7/Waste | Entered Factory 9749 | -7/Factory | Accompanied by 13 allies 9756 | -7/Factory | Identified exit to DSF 9765 | -7/Factory | Entered DSF 9765 | -7/DSF | Accompanied by 13 allies 9786 | -7/DSF | Additional patrols routed to DSF 9805 | -7/DSF | Discovered new exit (range 14) 9882 | -7/DSF | Entered Garrison 9882 | -7/Garrison | Accompanied by 1 ally 9888 | -7/Garrison | Triggered checkpoint 9904 | -7/Garrison | Triggered checkpoint 9929 | -7/Garrison | Garrison Relay disabled 10096 | -7/Garrison | Triggered checkpoint 10144 | -7/Garrison | Triggered checkpoint 10213 | -7/Garrison | Lost 3 allies 10324 | -7/Garrison | Triggered checkpoint 10360 | -7/Garrison | Core integrity fell below 50% 10361 | -7/Garrison | Discovered new exit (range 10) 10366 | -7/Garrison | Entered Factory 10366 | -6/Factory | Evolved 2 slots: Propulsion x1, Utility x1 10388 | -6/Factory | Lost 6 parts (2n3u1w) 10444 | -6/Factory | Discovered new exit (range 4) 10510 | -6/Factory | Identified exit to DSF 10561 | -6/Factory | Identified exit to Garrison 10561 | -6/Factory | Entered Garrison 10563 | -6/Garrison | Build established: Mutant 10590 | -6/Garrison | Triggered checkpoint 10594 | -6/Garrison | Self-destructed Last Messages --------------- 10544_ ALERT: Potential suspicious activity detected, Programmers report to Factory Zone 3J. 10551_ Adv. Heat Sink destroyed. 10553_ Detecting nearby Garrison Access. 10559_ K-01 Serf cleans the Garrison Access. 10561_ Connecting with Garrison Access... >>Couplers Installed: Relay Coupler [Specialist] (13) Relay Coupler [NC] (18) Relay Coupler [Heavy] (10) Relay Coupler [NC] (17) >>Unlock Access door unlocked. 10561_ EXIT=UNLOCKED: GARRISON LOCATION=GARRISON GOAL=ESCAPE 10590_ C-17 Slicer knocked back. 10590_ G-50 Soldier knocked back. Garrison Door activated. Map ----- +----------------------------------------------------+ | ??????????????????????????????????????????# #?? | | ??????????????????????????????????????????# #?? | | ??????????????????????????????????????????# #?? | | ??????????????????????????????????????????### #?? | | ????????????????????????????????????????????# #?? | | ????????????????????????????????????????????# #?? | | ????????????????????????????????????????????# #?? | | ????????????????????????????????????????????# #?? | | ????????????????????????????????????????????# #?? | | ????????????????????????????????????????????# #?? | | ????????????????????????????????????????????# #?? | | ???????????????????????###################### #?? | | ???????????????????????# #?? | | ???????????????????????# #?? | | ???????????????????????# ######################?? | | ???????????????????????# #??????????????????????? | | ???????????????????????# #??????????????????????? | | ???????????????????????# #??????????????????????? | | ???????????????????????# #??????????????????????? | | ?????????????????####??# #??????????????????????? | | ?????????????????# s ?# #??????????????????????? | | ???????????#######s ## ##?????????????????????? | | ??????????? ss ######## #??????????? | | ??????????? c c ??????? | | ??????????? bg ??????? | | ???????????## ## ##c@ #############?????????? | | ????????????# ???# ?# #?????????????????????? | | ???????????????? ? g????????????????????? | | ?????????????? g#???????????????????? | | ????????????? g#???????????????????? | | ????????????? #???????????????????? | | ?????????????? ## ## ###???????????????????? | | ?????????????? ??# ?# #?????????????????????? | | ???????????????? ?? ^ #?????????????????????? | | ??????????????? ?? #?????????????????????? | | ?????????????? ?? #?????????????????????? | | ?????????????? ##""??## ##?????????????????????? | | ???????????????????????# ???????????????????????? | | ???????????????????????# ???????????????????????? | | ???????????????????????? ???????????????????????? | | ???????????????????????? ???????????????????????? | | ?????????????????????????????????????????????????? | | ?????????????????????????????????????????????????? | | ?????????????????????????????????????????????????? | | ?????????????????????????????????????????????????? | | ?????????????????????????????????????????????????? | | ?????????????????????????????????????????????????? | | ?????????????????????????????????????????????????? | | ?????????????????????????????????????????????????? | | ?????????????????????????????????????????????????? | +----------------------------------------------------+ Best States ------------- Heat Dissipation 56 Energy Generation 15 Energy Capacity 265 Matter Stores 300 Matter Capacity 300 Sight Range 16 Robot Scan Range 16 Terrain Scan Density 10 Base Temperature (-) 150 Armor Coverage 800 Resistance: KI 20 Evasion (%) 63 Targeting Accuracy 6 Armor Integrity Analysis 30 Recoil Reduction 2 Offensive Hacking 20 Defensive Hacking 11 Relay Coupler Types 4 Relay Coupler Value 122 Authchip Count 1 Item Schematics ----------------- Arm. Wheel | -8/Materials | Hacked Hcp. Storage Unit | -8/Storage | Hacked Huge Storage Unit | -8/Storage | Hacked Robot Schematics ------------------ None Fabricated ------------ Nothing Repaired ---------- Nothing Alien Tech Used ----------------- None Achievements -------------- None Challenges ------------ None Game ------ Seed DataNovaMesh Manual? 0 Play Time 01:14:39 Cumulative 167.4 hours Start 2025.09.03 @ 20:11:14 End 2025.09.04 @ 16:33:01 Sessions 5 Manual Loads 0 Difficulty Rogue Special Mode None Game No. 228 Rogue 228 Adventurer 0 Explorer 0 Win Type - Total 1 Types 1/0/0/0/0/0/0/0/0/0 Lore% 72 Gallery% 68 Achievement% 59 Wizard Run 0 Options --------- Layout 0 ASCII 0 Keyboard 0 Movement Mouse Keybinds 0 Fullscreen 1 Font 16/SmallcapsGlow Map View 75x55 Zoom Use 0% Tactical HUD 1 Map Filters NONE Filters NONE Steam 1 RUN: d835de0a-4748-4e89-9e61-5296fc9913bc